 Seeded DCSS version 0.29.1-2-gbd0b4ee654 (webtiles) character file.

Game seed: 20221024 (custom seed)

21189 Nerdsrcool the Destroyer (level 12, 0/145 HPs)
             Began as a White Draconian Conjurer on Oct 24, 2022.
             Was a Priest of Sif Muna.
             Killed by an exploding harpy (12 damage)
             ... ignited by their inner flame
             ... on level 1 of the Shoals.
             The game lasted 01:33:59 (13336 turns).

Nerdsrcool the Destroyer (DrCj)                    Turns: 13336, Time: 01:34:00

Health: 0/145      AC: 34    Str: 14    XL:     12   Next: 52%
Magic:  17/23      EV:  2    Int: 22    God:    Sif Muna [***...]
Gold:   317        SH:  0    Dex:  9    Spells: 5/31 levels left

rFire   . . .      SeeInvis .   K - +2 flail (protect)
rCold   . . .      Faith    .   l - orb {light}
rNeg    . . .      Spirit   .   (body armour unavailable)
rPois   +          Reflect  .   (helmet currently unavailable)
rElec   .          Harm     .   (cloak currently unavailable)
rCorr   .          Rampage  .   (gloves currently unavailable)
Will    .....      NoTele   +   (boots currently unavailable)
Stlth   +.........              n - amulet of magic regeneration
HPRegen 0.34/turn               w - +4 ring of protection
MPRegen 0.58/turn               E - +4 ring of protection

@: tree-form, glowing, studying Stealth, very slow
A: stationary, stasis, torment immunity, boosted hp, (breathe frost), AC +8,
unfitting armour, (cold resistance 1), (cold-blooded), low MP 1, passive freeze,
strong 1
a: Renounce Religion, Channel Magic, Forget Spell


You were on level 1 of the Shoals.
You worshipped Sif Muna.
Sif Muna was most pleased with you.
You were a tree.
You visited 4 branches of the dungeon, and saw 13 of its levels.

You collected 1043 gold pieces.
You spent 726 gold pieces at shops.

Inventory:

Hand Weapons
 f - a +2 vorpal dire flail
 g - the +6 shillelagh "Devastator" {shatter}
   (You found it on level 7 of the Dungeon)

   It releases a powerful concussive burst when it strikes, dealing extra damage
   to the target and all other foes adjacent to them.
 s - a +1 dagger of draining
 z - a +4 short sword
 B - a +0 dire flail of holy wrath
 K - a +2 flail of protection (weapon)
 L - a +1 whip of electrocution
 M - a +2 vorpal sling
 O - a +2 halberd
 P - a +3 dagger of venom
 Q - a +2 vorpal mace
Missiles
 d - 20 poisoned darts
 i - 12 boomerangs
 F - 5 boomerangs of dispersal
 Z - 2 throwing nets
Armour
 l - an orb of light (worn)
 r - a +2 cloak (melded)
 y - a +2 pair of gloves of dexterity (melded)
 X - a +0 pair of boots (melded)
Magical Staves
 v - a staff of conjuration
Jewellery
 n - an amulet of magic regeneration (around neck)
 p - an amulet of faith
 w - a +4 ring of protection (left branch)
 D - a ring of fire
 E - a +4 ring of protection (right branch)
 H - a ring of see invisible
 T - a ring of flight
Wands
 c - a wand of charming (9)
 q - a wand of light (19)
 t - a wand of flame (11)
 u - a wand of polymorph (11)
 A - a wand of roots (9)
 Y - a wand of digging (3)
Scrolls
 h - 2 scrolls of teleportation
 j - 2 scrolls of summoning
 o - 2 scrolls of torment
 C - 4 scrolls of fear
 G - a scroll of poison
 V - 2 scrolls of identify
Potions
 a - 2 potions of magic
 k - 3 potions of attraction
 m - 4 potions of curing
 I - 4 potions of degeneration
 N - 4 potions of might
 R - 2 potions of invisibility
 S - a potion of flight
 U - a potion of brilliance
 W - a potion of mutation
Miscellaneous
 e - a phantom mirror


   Skills:
 + Level 6.5 Fighting
 + Level 4.2 Short Blades
 + Level 8.5 Maces & Flails
 + Level 7.9 Dodging
 + Level 4.1 Stealth
 + Level 0.3 Unarmed Combat
 + Level 10.1 Spellcasting
 + Level 11.5 Conjurations
 + Level 2.2 Evocations


You had 5 spell levels left.
You knew the following spells:

 Your Spells              Type           Power      Damage    Failure   Level
a - Magic Dart            Conj           100%       1d8       1%          1
b - Searing Ray           Conj           100%       2d8       1%          2
c - Dazzling Flash        Conj/Hex       72%        N/A       1%          3
d - Iskenderun's Mystic   Conj/Tloc      36%        2d9       5%          4
e - Fulminant Prism       Conj/Hex       18%        3d11      5%          4
f - Static Discharge      Conj/Air       36%        3-8/arc   1%          2
g - Lightning Bolt        Conj/Air       18%        1d32      16%         5
h - Iskenderun's Battles  Conj           58%        2d11      1%          5

Your spell library contained the following spells:

 Spells                   Type           Power      Damage    Failure   Level
 Fireball                 Conj/Fire      18%        3d9       16%         5
 Olgreb's Toxic Radiance  Pois           11%        N/A       52%         4
 Orb of Destruction       Conj           29%        9d9       41%         7
 Conjure Ball Lightning   Conj/Air       18%        3x3d6     65%         6
 Ozocubu's Refrigeration  Ice            5%         4d8       100%        7
 Ignition                 Fire           5%         3d4       100%        8
 Maxwell's Capacitive Co  Air            5%         ∞         100%        8


Dungeon Overview and Level Annotations

Branches:
Dungeon (8/15)             Temple (1/1) D:7            Lair (2/5) D:8
 Shoals (2/4) Lair:2        Snake (0/4) Lair:2

Altars:
Ashenzari
Cheibriados
Dithmenos
Fedhas
Gozag
Hepliaklqana
Kikubaaqudgha
Makhleb
Nemelex Xobeh
Okawaru
Sif Muna
Trog
Uskayaw
Vehumet
Xom
Yredelemnul
The Shining One

Shops:
D:3 *   D:7 =

Annotations:
Shoals:2 1 transporter, GloriousHammer's ghost, journeyman FeSu


Innate Abilities, Weirdness & Mutations

You are a tree.
Your roots penetrate the ground, keeping you stationary.
You cannot be teleported.
You are immune to unholy pain and torment.
Your maximum health is greatly increased.
Your equipment is partially melded.
((You can breathe waves of freezing cold which knock back foes.))
((Your icy white scales are hard. (AC +8)))
You cannot fit into any form of body armour.
((Your flesh is cold resistant. (rC+)))
((You are cold-blooded and may be slowed by cold attacks.))
Your magical capacity is low. (-10% MP)
A frigid envelope surrounds you and freezes all who hurt you.
Your muscles are strong. (Str +4, Int/Dex -1)


Message History

The harpy is severely wounded.
Aiming: Searing Ray (safe; 1% risk of failure)
Press: ? - help, Q - select action, (/) - cycle Shift-Dir - straight line, f - harpy
Aim: a harpy (83% to hit)
The searing ray hits the harpy.
The harpy is almost dead.
The searing ray hits the harpy.
The harpy is lightly wounded.
The searing ray misses the harpy. (Press . to maintain the ray.)
The harpy claws you but does no damage.
The harpy is very cold.
The harpy is almost dead.
The harpy claws you!
* * * LOW HITPOINT WARNING * * *
The harpy is very cold.
The harpy is almost dead.
The harpy claws your battlesphere. x2
Your battlesphere fires!
The barrage of energy hits the harpy!
The harpy is moderately wounded.
The harpy claws you but does no damage.
The harpy is very cold.
The harpy is heavily wounded.
The harpy claws you but does no damage.
The harpy is very cold.
The harpy is heavily wounded.
Read: scroll of immolation
Press: ? - help, Q - select action, (/) - cycle Dir - look around, f - activate Look: a harpy (haloed, susceptible)
As you read the scroll of immolation, it crumbles to dust.
The creatures around you are filled with an inner flame!
The harpy screeches!
The harpy claws you but does no damage.
The harpy is very cold.
Sif Muna accepts your kill.
The harpy explodes!
The fiery explosion engulfs the harpy!!!
Sif Muna accepts your kill.
The fiery explosion engulfs the harpy!!
Sif Muna accepts your kill.
You can now freely open your mind to new spells.
The fiery explosion engulfs you!
You die...

≈≈≈≈≈≈~~~~~~P≈≈≈≈≈≈≈≈
~?~≈≈~~~P~~P~~~~~~~≈≈≈
..~≈≈≈≈~≈≈≈~~~~~~~P~~~
.~~≈≈≈~~≈≈≈~P~P~PPP~~~
~~~≈≈≈~~≈≈≈††.P~PPP~~~~
.~~~~~.~~~≈~##PP~~~~~~~~
#....*.~~~~~.##.~PP~~~~~
#.....○~~~~~~~~~~~~~~~~~
#.....§♣§~~~~~.~~~~~....
..~~~~§§§.~~~..~~~~.....
.~~.~~§.§..~..(~~~~.##..
~~.~~..........~~.~~~~~.#..
..~.......##..~~~~.~~~.÷.)
m.~~.........~~~~~~÷..[..~ .
mm~≈~~~~~~~~~≈~~~≈≈>...... ...
#.~≈≈~~..~≈≈≈≈~~~~~~...#.[
#..###.≈≈≈~...~~≈≈~~~.~...####)


You could see a friendly battlesphere.

Vanquished Creatures
  3 two-headed ogres (D:7)
  A centaur warrior (Shoals:1)
  A sea snake (Shoals:1)
  Pikel (D:5)
  6 harpies (Shoals:1)
  3 manticores
  A black mamba (Lair:2)
  2 merfolk sirens
  A faun (Shoals:1)
  Maurice (D:8)
  Joseph (Lair:1)
  A gargoyle (D:7)
  3 cane toads
  3 rime drakes (Lair:2)
  5 komodo dragons
  2 trolls
  2 merfolk
  A wind drake (Shoals:2)
  5 blink frogs (Lair:2)
  The ghost of 0gre the Chiller, an amateur GnIE (D:4)
  2 water elementals
  2 wyverns
  Grum (D:8)
  13 yaks
  A steam dragon (D:4)
  Edmund (D:5)
  3 nagas (Lair:2)
  7 water moccasins
  2 sky beasts
  An orc warrior (D:8)
  2 black bears
  An ice beast (D:6)
  2 ogres
  18 wolves
  2 centaurs
  2 phantoms (D:6)
  4 scorpions
  A necrophage (D:6)
  4 bullfrogs
  4 wights
  3 electric eels
  8 hounds
  3 orc priests
  Ijyb (D:3)
  6 iguanas
  5 orc wizards
  7 gnolls
  8 adders
  A white imp (D:6)
  An ufetubus (D:6)
  A worm (D:3)
  28 orcs
  5 bats
  3 endoplasms
  12 giant cockroaches
  6 goblins
  6 hobgoblins
  7 kobolds
  3 quokkas
  9 ball pythons
  A frilled lizard (D:1)
  5 rats
246 creatures vanquished.

Vanquished Creatures (collateral kills)
  An orc priest (D:6)
1 creature vanquished.

Vanquished Creatures (others)
  An orc (D:6)
  A fulminant prism (D:8)
  6 fungi
  30 plants
  5 tentacles (Shoals:1)
43 creatures vanquished.

Grand Total: 290 creatures vanquished

Notes
Turn   | Place    | Note
-------+----------+-------------------------------------------
     0 | D:1      | Nerdsrcool the Draconian Conjurer began the quest for the
                  | Orb.
     0 | D:1      | Reached XP level 1. HP: 14/14 MP: 3/3
   242 | D:1      | Reached XP level 2. HP: 20/20 MP: 1/5
  1016 | D:2      | Reached XP level 3. HP: 20/26 MP: 0/6
  1326 | D:2      | Found a faded altar of an unknown god.
  1383 | D:2      | Found a basalt altar of Yredelemnul.
  1567 | D:2      | Reached skill level 5 in Conjurations
  1770 | D:3      | Found Eromahec's Assorted Antiques.
  1792 | D:3      | Identified 2 scrolls of acquirement
  1792 | D:3      | Acquired a +1 pair of gloves of dexterity
  1813 | D:3      | Acquired 430 gold pieces
  2335 | D:3      | Acquired a +4 ring of evasion
  2348 | D:3      | Found a shadowy altar of Dithmenos.
  2358 | D:3      | Reached XP level 4. HP: 33/33 MP: 4/7
  2368 | D:3      | Learned a level 2 spell: Searing Ray
  2875 | D:3      | Noticed Ijyb
  2885 | D:3      | Killed Ijyb
  3340 | D:3      | Bought a scroll of enchant armour for 232 gold pieces
  3340 | D:3      | Bought a scroll of identify for 62 gold pieces
  3362 | D:4      | Noticed a scorpion
  3381 | D:4      | Killed a scorpion
  3382 | D:4      | Reached XP level 5. HP: 38/38 MP: 1/10
  3457 | D:4      | Found a runed translucent gate.
  3457 | D:4      | Found a runed translucent gate.
  3457 | D:4      | Found a runed translucent gate.
  3458 | D:4      | Found an opulent altar of Gozag.
  3476 | D:4      | Identified the +1 leather armour of the Evil One {rC+
                  | Int+5}
  4036 | D:4      | Noticed 0gre's ghost (amateur GnIE)
  4036 | D:4      | Noticed a steam dragon
  4122 | D:4      | Killed 0gre's ghost
  4123 | D:4      | Reached XP level 6. HP: 33/45 MP: 9/12
  4177 | D:4      | Killed a steam dragon
  4178 | D:4      | Reached skill level 6 in Conjurations
  4178 | D:4      | Your scales start taking on an icy white colour.
  4178 | D:4      | Reached XP level 7. HP: 18/51 MP: 13/13
  4178 | D:4      | Gained mutation: Your flesh is cold resistant. (rC+) [White
                  | Draconian growth]
  4461 | D:5      | Entered Level 5 of the Dungeon
  4466 | D:5      | Learned a level 3 spell: Dazzling Flash
  4559 | D:5      | Identified the +1 leather armour of Voupacho {Fly rC-
                  | rCorr}
  4888 | D:5      | Reached skill level 1 in Short Blades
  4942 | D:5      | Noticed Edmund
  4960 | D:5      | Killed Edmund
  4961 | D:5      | Reached skill level 1 in Fighting
  4961 | D:5      | Reached skill level 5 in Spellcasting
  5213 | D:5      | Noticed Pikel
  5237 | D:5      | Killed Pikel
  5238 | D:5      | Reached skill level 7 in Conjurations
  5238 | D:5      | Reached skill level 1 in Evocations
  5238 | D:5      | Reached XP level 8. HP: 50/59 MP: 14/16
  5290 | D:5      | Noticed a troll
  5311 | D:5      | Killed a troll
  5916 | D:5      | Gained mutation: You are strong-willed. (Will+) [potion of
                  | mutation]
  5916 | D:5      | Gained mutation: You are agile. (Dex +4, Str/Int -1)
                  | [potion of mutation]
  5917 | D:5      | Lost mutation: You are strong-willed. (Will+) [potion of
                  | mutation]
  5917 | D:5      | Lost mutation: You are agile. (Dex +4, Str/Int -1) [potion
                  | of mutation]
  5917 | D:5      | Gained mutation: You have a beak for a mouth. [potion of
                  | mutation]
  5917 | D:5      | Gained mutation: You have a pair of small horns on your
                  | head. [potion of mutation]
  5917 | D:5      | Gained mutation: A frigid envelope surrounds you and
                  | freezes all who hurt you. [potion of mutation]
  6259 | D:6      | Reached XP level 9. HP: 60/68 MP: 18/18
  6263 | D:6      | Reached skill level 8 in Conjurations
  6435 | D:6      | Found an iron altar of Okawaru.
  6684 | D:7      | Found Dizaequb's Jewellery Boutique.
  6701 | D:7      | Bought a +4 ring of protection for 432 gold pieces
  6853 | D:7      | Noticed a two-headed ogre
  6856 | D:7      | Noticed a two-headed ogre
  6862 | D:7      | Noticed a two-headed ogre
  6864 | D:7      | Noticed a gargoyle
  6867 | D:7      | Killed a two-headed ogre
  6868 | D:7      | Reached skill level 5 in Dodging
  6868 | D:7      | Killed a two-headed ogre
  6869 | D:7      | Reached skill level 9 in Conjurations
  6872 | D:7      | Killed a two-headed ogre
  6873 | D:7      | Reached XP level 10. HP: 46/77 MP: 21/21
  6882 | D:7      | Killed a gargoyle
  7183 | D:7      | Found the +6 shillelagh "Devastator" {shatter}
  7225 | D:7      | Found a snail-covered altar of Cheibriados.
  7251 | D:7      | Learned a level 4 spell: Iskenderun's Mystic Blast
  7256 | D:7      | Learned a level 4 spell: Fulminant Prism
  7351 | D:7      | Learned a level 2 spell: Static Discharge
  7436 | D:7      | Found a staircase to the Ecumenical Temple.
  7447 | Temple   | Entered the Ecumenical Temple
  7699 | Temple   | Became a worshipper of Sif Muna the Loreminder
  7867 | D:7      | Lost mutation: You have a pair of small horns on your head.
                  | [potion of mutation]
  7867 | D:7      | Lost mutation: You have a beak for a mouth. [potion of
                  | mutation]
  7867 | D:7      | Gained mutation: Your magical capacity is low. (-10% MP)
                  | [potion of mutation]
  7867 | D:7      | Gained mutation: Your muscles are strong. (Str +4, Int/Dex
                  | -1) [potion of mutation]
  7986 | D:8      | Reached skill level 10 in Conjurations
  8188 | D:8      | Noticed Maurice
  8212 | D:8      | Killed Maurice
  8213 | D:8      | Reached skill level 1 in Maces & Flails
  8286 | D:8      | Reached * piety under Sif Muna
  8383 | D:8      | Noticed Grum
  8400 | D:8      | Killed Grum
  8653 | D:8      | Learned a level 5 spell: Lightning Bolt
  8803 | D:8      | Found a staircase to the Lair.
  9109 | Lair:1   | Entered Level 1 of the Lair of Beasts
  9274 | Lair:1   | Reached XP level 11. HP: 75/85 MP: 21/21
  9691 | Lair:1   | Noticed Joseph
  9708 | Lair:1   | Killed Joseph
 10731 | Lair:2   | Found a staircase to the Snake Pit.
 10938 | Lair:2   | Reached skill level 5 in Fighting
 10960 | Lair:2   | Reached skill level 5 in Maces & Flails
 11090 | Lair:2   | Reached skill level 11 in Conjurations
 11483 | Lair:2   | Reached ** piety under Sif Muna
 11874 | Lair:2   | Reached XP level 12. HP: 94/95 MP: 23/23
 12236 | Lair:2   | Found a staircase to the Shoals.
 12393 | Shoals:1 | Entered Level 1 of the Shoals
 12546 | Shoals:1 | Noticed a kraken
 12868 | Shoals:1 | Noticed a merfolk javelineer
 12933 | Shoals:2 | Found a transporter.
 12967 | Shoals:2 | Noticed GloriousHammer's ghost (journeyman FeSu)
 12996 | Shoals:2 | Learned a level 5 spell: Iskenderun's Battlesphere
 13018 | Shoals:1 | Noticed a centaur warrior
 13030 | Shoals:1 | Killed a centaur warrior
 13068 | Shoals:1 | Reached skill level 10 in Spellcasting
 13336 | Shoals:1 | Reached *** piety under Sif Muna
 13336 | Shoals:1 | Killed by an exploding harpy... ignited by their inner
                  | flame

Illustrated notes

Levels and vault maps discovered:
D:1:      psy_arrival_whirlpool, layout_rooms, minmay_pentomino_v4
D:2:      minmay_roachtagon, layout_loops_cross, basic_altar,
          hellmonk_ecumenical_altar_inner_sanctum
D:3:      layout_basic, nicolae_dithmenos_shadow_blocks, serial_shops,
          shop_coins, minmay_misc_feat_plants, minmay_misc_feat_ornament,
          uniq_ijyb
D:4:      layout_rooms, ebering_ghost_gozag
D:5:      layout_loops_ring, uniq_pikel, uniq_edmund
D:6:      cheibrodos_helix_gallery, layout_cave_pools,
          mainiacjoe_overflow_paths, minmay_hedge_maze,
          kennysheep_generic_room_15
D:7:      layout_cave_pools, old_standard_altar, temple_green, serial_shops,
          shop, dilly_guarded_unrand_devastator
D:8:      layout_basic, erik_lair_island, uniq_grum, uniq_maurice
Temple:   minmay_temple_curvy_branch
Lair:1:   layout_cave_pods, serial_bayou_shore_a, uniq_joseph
Lair:2:   layout_cave_pods, minmay_shoals_entry_lonely_mermaid,
          guppyfry_snake_entry_island, beast_lair_carwin_5
Shoals:1: layout_shoals, nicolae_shop_gadgets
Shoals:2: layout_shoals, gammafunk_ghost_berserking_beasts

Skill      XL: |  1  2  3  4  5  6  7  8  9 10 11 12 |
---------------+-------------------------------------+-----
Dodging        | 2 3 4 5 6 7 |  7.9
Conjurations   | 5 6 7 9 10 11 | 11.5
Spellcasting   | 3 4 5 6 7 8 9 10 | 10.1
Stealth        | 2 3 4 |  4.1
Short Blades   | 1 2 4 |  4.2
Fighting       | 1 2 3 4 5 6 |  6.5
Evocations     | 1 2 |  2.2
Maces & Flails | 3 7 8 |  8.5
Unarmed Combat | |  0.3

Action                   |  1- 3 |  4- 6 |  7- 9 | 10-12 || total
-------------------------+-------+-------+-------+-------++-------
Melee: Dagger            |     8 |    23 |   127 |    22 ||   180
       Tailslap          |     3 |     3 |    26 |    76 ||   108
       Staff             |       |     2 |       |       ||     2
       Headbutt          |       |       |    19 |    11 ||    30
       Peck              |       |       |    16 |     8 ||    24
       Flail             |       |       |       |   361 ||   361
       Unarmed           |       |       |       |     3 ||     3
 Cast: Magic Dart        |    91 |    67 |   159 |   334 ||   651
       Fulminant Prism   |       |       |       |     1 ||     1
       Iskenderun's Batt |       |       |       |     4 ||     4
       Searing Ray       |       |       |       |     2 ||     2
Evoke: Wand              |       |     6 |     3 |     1 ||    10
  Use: Scroll            |    13 |     1 |     6 |     6 ||    26
       Potion            |       |     4 |     9 |    16 ||    29
 Stab: Invisible         |       |     3 |       |       ||     3
Armor: Skin              |    11 |    12 |    40 |   233 ||   296
Dodge: Dodged            |    10 |    41 |   134 |   305 ||   490
